 Dungeon Crawl Stone Soup version 0.30-a0-743-gbfdf073431 (webtiles) character file.

Game seed: 17832956497964165770

7 sircluck the Trooper (level 2, 0/19 HPs)
             Began as a Gargoyle Monk on Feb 6, 2023.
             Slain by a goblin
             ... wielding a +0 club
              (2 damage)
             ... on level 1 of the Dungeon.
             The game lasted 00:01:45 (253 turns).

sircluck the Trooper (Gargoyle Monk)                 Turns: 253, Time: 00:01:46

Health: 0/19       AC:  4    Str: 14    XL:     2   Next: 0%
Magic:  2/2        EV:  9    Int: 10    God:
Gold:   0          SH:  0    Dex: 12    Spells: 1/1 levels left

rFire   . . .      SeeInvis .    a - +0 mace
rCold   . . .      Faith    .    (no shield)
rNeg    + . .      Spirit   .    b - +0 robe
rPois   ∞          Reflect  .    (no helmet)
rElec   +          Harm     .    (no cloak)
rCorr   .          Rampage  .    (no gloves)
Will    .....                    (no boots)
Stlth   ++                       (no amulet)
HPRegen 0.23/turn                (no ring)
MPRegen 0.08/turn                (no ring)

@: constricted
A: sickness immunity, AC +2, negative energy resistance 1, electricity
resistance, torment resistance 1, petrification resistance
a: no special abilities


You were on level 1 of the Dungeon.
You visited 1 branch of the dungeon, and saw 1 of its levels.

Inventory:

Hand Weapons
 a - a +0 mace (weapon)
Missiles
 d - 3 javelins (quivered)
 e - 5 stones
Armour
 b - a +0 robe (worn)


   Skills:
 + Level 3.4 Fighting
 + Level 3.1 Maces & Flails
 + Level 2.5 Dodging
 + Level 2.4 Stealth


You had one spell level left.
You didn't know any spells.
Your spell library was empty.

Dungeon Overview and Level Annotations

Branches:
Dungeon (1/15)

Altars:


Innate Abilities, Weirdness & Mutations

You are immune to sickness and miasma.
Your stone body is resilient. (AC +2)
You are immune to poison.
You resist negative energy. (rN+)
You are resistant to electric shocks. (rElec)
You are resistant to unholy torment.
You are immune to petrification.


Message History

You are too injured to fight recklessly!
You are too injured to fight recklessly!
You closely miss the hobgoblin.
The hobgoblin is almost dead.
The ball python bites you but does no damage.
The ball python barely misses you. The hobgoblin closely misses you.
The goblin hits you but does no damage. The hobgoblin barely misses you.
The ball python bites you but does no damage.
The ball python barely misses you.
You barely miss the hobgoblin.
The hobgoblin is almost dead.
The goblin completely misses you. The hobgoblin barely misses you.
The hobgoblin hits you.
* * * LOW HITPOINT WARNING * * *
The ball python barely misses you. The ball python misses you.
You sock the hobgoblin!
You kill the hobgoblin!
The hobgoblin closely misses you. The goblin hits you but does no damage.
The ball python bites you but does no damage.
The ball python closely misses you. The hobgoblin misses you.
The goblin hits you but does no damage.
You have reached level 2!
You closely miss the hobgoblin.
The ball python bites you but does no damage.
The ball python grabs you. The ball python constricts you.
* * * LOW HITPOINT WARNING * * *
The ball python bites you but does no damage.
The ball python constricts you. The hobgoblin closely misses you.
The goblin barely misses you.
You hit the hobgoblin.
The hobgoblin is lightly wounded.
The ball python bites you but does no damage.
The ball python constricts you.
The hobgoblin hits you but does no damage.
The goblin barely misses you. The ball python barely misses you.
The ball python constricts you.
You hit the hobgoblin.
The hobgoblin is moderately wounded.
The hobgoblin barely misses you. The goblin hits you with a +0 club.
You die...

#. ####...
#######.....#.
###########....†.S.>....
...............g@gb..##
..######.###########..#
# ..# #.# #######.#####
.# ..# ###
##....gg.....#..# J.#
##..####.......... g##
###.†.# #.........$
.#### ###.)..##
#g.........
....#####g....##
#...)......
.##†.##......##
#..........


You could see a hobgoblin, a goblin, a bat and a ball python.

Vanquished Creatures
  An endoplasm (D:1)
  2 hobgoblins (D:1)
  A bat (D:1)
  2 goblins (D:1)
6 creatures vanquished.

Vanquished Creatures (others)
  3 fungi (D:1)
  11 plants (D:1)
14 creatures vanquished.

Grand Total: 20 creatures vanquished

Notes
Turn   | Place    | Note
-------+----------+-------------------------------------------
     0 | D:1      | sircluck the Gargoyle Monk began the quest for the Orb.
     0 | D:1      | Reached XP level 1. HP: 14/14 MP: 1/1
   251 | D:1      | Reached XP level 2. HP: 2/19 MP: 2/2
   253 | D:1      | Slain by a goblin

Illustrated notes

Levels and vault maps discovered:
D:1:      lemuel_arrival_muddy, layout_rooms, chequers_serial_rivers_micro_a

Action                     || total
---------------------------++-------
  Melee: Mace              ||    69
    Use: Potion            ||     2
 Armour: Robe              ||    53
  Dodge: Dodged            ||    85

Table legend: (Time is in decaauts)
 A = Elapsed time spent in this place.
 B = Non-inter-level travel time spent in this place.
 C = Inter-level travel time spent in this place.
 D = Time resting spent in this place.
 E = Time spent auto-exploring this place.
 F = Levels seen in this place.
 G = Mean time per level.
                   A        B        C        D        E       F      G
               +--------+--------+--------+--------+--------+-----+--------+
         Total |    260 |    260 |      0 |      0 |     32 |   1 |  260.0 |
       Dungeon |    260 |    260 |      0 |      0 |     32 |   1 |  260.0 |
               +--------+--------+--------+--------+--------+-----+--------+

Top non-repeatable levels by time:
     D:1: 260 daAuts
